 Dungeon Crawl Stone Soup version 0.30-a0-782-ge64f9170bb (webtiles) character file.

Game seed: 8338927868204031365

142 Leeroy the Slasher (level 5, 0/38 HPs)
             Began as a Merfolk Gladiator on Feb 22, 2023.
             Slain by a jelly (2 damage)
             ... on level 4 of the Dungeon.
             The game lasted 00:02:28 (2466 turns).

Leeroy the Slasher (Merfolk Gladiator)              Turns: 2466, Time: 00:02:28

Health: 0/38       AC:  1    Str: 14    XL:     5   Next: 24%
Magic:  5/5        EV: 14    Int: 13    God:
Gold:   158        SH:  0    Dex: 24    Spells: 2/4 levels left

rFire   . . .      SeeInvis .    a - +0 long sword
rCold   . . .      Faith    .    (no shield)
rNeg    . . .      Spirit   .    b - +0 leather armour
rPois   .          Reflect  .    c - +0 helmet
rElec   .          Harm     .    (no cloak)
rCorr   .          Rampage  .    l - +0 pair of gloves
Will    .....                    (no boots)
Stlth   ++                       (no amulet)
HPRegen 0.26/turn                q - +6 ring of dexterity
MPRegen 0.09/turn                s - +6 ring of intelligence

@: lethally poisoned (0 -> -3), corroded
A: (nimble swimmer 2), mertail
a: no special abilities


You were on level 4 of the Dungeon.
You visited 1 branch of the dungeon, and saw 4 of its levels.

You collected 158 gold pieces.

Inventory:

Hand Weapons
 a - a +0 long sword (weapon)
Missiles
 d - 4 throwing nets (quivered)
 e - a javelin
 m - 2 poisoned darts
Armour
 b - a +0 leather armour (worn)
 c - a +0 helmet (worn)
 l - a +0 pair of gloves (worn)
Magical Staves
 n - a staff of earth
Jewellery
 q - a +6 ring of dexterity (left hand)
 s - a +6 ring of intelligence (right hand)
Scrolls
 f - a scroll of enchant weapon {unknown}
 g - a scroll of butterflies {unknown}
 h - a scroll of silence {unknown}
 i - 6 scrolls of identify {unknown}
 j - a scroll of immolation {unknown}
 o - a scroll of enchant armour {unknown}
 p - a scroll of teleportation {unknown}
 r - a scroll of torment {unknown}
 t - a scroll of brand weapon {unknown}
 u - a scroll of fog {unknown}
Potions
 k - 2 potions of curing {unknown}
 v - 2 potions of invisibility {unknown}


   Skills:
 - Level 2.1 Fighting
 + Level 7.0 Long Blades
 - Level 2.0 Throwing
 - Level 4.0 Dodging


You had 2 spell levels left.
You knew the following spells:

 Your Spells              Type           Power      Damage    Failure   Level
a - Passwall              Tmut/Erth      0%         N/A       52%         2

Your spell library contained the following spells:

 Spells                   Type           Power      Damage    Failure   Level
 Apportation              Tloc           0%         N/A       36%         1
 Foxfire                  Conj/Fire      0%         2x1d4     36%         1
 Necrotise                Necr           0%         1d4       36%         1
 Sandblast                Erth           0%         2d4       36%         1
 Shock                    Conj/Air       0%         1d3       36%         1
 Summon Small Mammal      Summ           0%         N/A       36%         1
 Ensorcelled Hibernation  Hex/Ice        0%         N/A       52%         2
 Scorch                   Fire           0%         2d5       52%         2
 Sublimation of Blood     Necr           0%         N/A       52%         2
 Inner Flame              Hex/Fire       0%         N/A       75%         3
 Stone Arrow              Conj/Erth      0%         3d7       75%         3
 Swiftness                Air            0%         N/A       75%         3
 Airstrike                Air            0%         2d(0-16)  98%         4
 Petrify                  Tmut/Erth      0%         N/A       98%         4
 Fireball                 Conj/Fire      0%         3d3       100%        5
 Irradiate                Conj/Tmut      0%         3d11      100%        5
 Starburst                Conj/Fire      0%         6d3       100%        6
 Dragon Form              Tmut           0%         N/A       100%        7


Dungeon Overview and Level Annotations

Branches:
Dungeon (4/15)
 Temple: D:4-7

Altars:

Shops:
D:1 *

Annotations:
D:3 2 runed translucent doors, funaii's ghost, weakling DEAE


Innate Abilities, Weirdness & Mutations

((You are very nimble when in or above water. (Stealth+, EV+, Speed+++)))
Your lower body shifts to a powerful aquatic tail in water.


Message History

A goblin is nearby!
A goblin is nearby!
You hit the goblin.
You kill the goblin!
An adder comes into view.
A jelly comes into view.
You see here a +0 club.
There are monsters nearby!
A giant cockroach comes into view.
The adder barely misses you.
The giant cockroach moves out of view.
You barely miss the adder. You punch the adder.
The adder is lightly wounded.
The adder bites you.
You are poisoned.
The adder poisons you!
You closely miss the adder.
The adder is lightly wounded.
You feel sick. The adder bites you.
You are more poisoned.
The adder poisons you!
You slash the adder!
You kill the adder!
You feel sick.
Your Long Blades skill increases to level 7!
You hit the jelly.
Your hands burn!
The jelly is moderately wounded.
You feel sick. The jelly hits you but does no damage.
You hit the jelly. The acid corrodes you!
Your hands burn!
The jelly is heavily wounded.
You feel sick. The jelly hits you.
You are splashed with acid!
* * * LOW HITPOINT WARNING * * *
You are too injured to fight recklessly!
You are too injured to fight recklessly!
You are too injured to fight recklessly!
You are too injured to fight recklessly!
You hit the jelly.
Your hands burn!
* * * LOW HITPOINT WARNING * * *
The jelly is heavily wounded.
* * * LOW HITPOINT WARNING * * *
You feel sick. The jelly hits you.
You die...

...
...
#.#
#.#
#.#
#.#
#<#
#)###
#.@.#
###J#
B..
..##
...
..##
.##
.#


You could see a jelly and a giant cockroach.

Vanquished Creatures
  An orc priest (D:3)
  4 adders
  4 worms
  A dart slug (D:2)
  4 orcs (D:3)
  9 bats
  5 endoplasms
  3 giant cockroaches
  3 goblins
  7 hobgoblins
  3 jackals (D:3)
  2 quokkas
  A ball python (D:3)
  2 frilled lizards (D:1)
  4 kobolds
  A rat (D:1)
54 creatures vanquished.

Notes
Turn   | Place    | Note
-------+----------+-------------------------------------------
     0 | D:1      | Leeroy the Merfolk Gladiator began the quest for the Orb.
     0 | D:1      | Reached XP level 1. HP: 16/16 MP: 1/1
   168 | D:1      | Reached skill level 4 in Long Blades
   208 | D:1      | Reached XP level 2. HP: 22/22 MP: 2/2
   568 | D:1      | Found Myatigg's Assorted Antiques.
   839 | D:2      | Reached XP level 3. HP: 27/27 MP: 3/3
   857 | D:2      | Reached skill level 5 in Long Blades
   868 | D:2      | Found a faded altar of an unknown god.
  1131 | D:2      | Reached XP level 4. HP: 33/33 MP: 4/4
  1139 | D:2      | Reached skill level 6 in Long Blades
  1403 | D:3      | Reached XP level 5. HP: 22/38 MP: 5/5
  1485 | D:3      | Learned a level 2 spell: Passwall
  1619 | D:3      | Found a large runed translucent door.
  1619 | D:3      | Found a large runed translucent door.
  1850 | D:3      | Got the Grimoire of Conflagrant Transformation
  1949 | D:3      | Noticed funaii's ghost (weakling DEAE)
  2464 | D:4      | Reached skill level 7 in Long Blades
  2466 | D:4      | Slain by a jelly

Illustrated notes

Levels and vault maps discovered:
D:1:      tarquinn_simple_flora_water_a, layout_basic, serial_shops,
          nicolae_shop_hallway_plus
D:2:      layout_rooms, basic_ecumenical_altar, grunt_decor_mini_mirrors
D:3:      layout_basic, ebering_ghost_disaster_area,
          hangedman_decor_diamond_cutter, minmay_misc_feat_encased,
          minivault_26, grunt_ministairs_9
D:4:      layout_loops_ring, vehumet_statue, st_stairs_9, minmay_rat_hole

Skill      XL: |  1  2  3  4  5 |
---------------+----------------+-----
Long Blades    | 4 5 6 7 |  7.0
Fighting       | |  2.1
Throwing       | |  2.0
Dodging        | |  4.0

Action                     |  1- 3 |  4- 6 || total
---------------------------+-------+-------++-------
  Melee: Long sword        |    78 |    64 ||   142
         Punch             |     2 |     1 ||     3
   Stab: Sleeping          |     4 |       ||     4
 Armour: Leather armour    |    23 |    15 ||    38
  Dodge: Dodged            |    56 |    44 ||   100

Table legend: (Time is in decaauts)
 A = Elapsed time spent in this place.
 B = Non-inter-level travel time spent in this place.
 C = Inter-level travel time spent in this place.
 D = Time resting spent in this place.
 E = Time spent auto-exploring this place.
 F = Levels seen in this place.
 G = Mean time per level.
                   A        B        C        D        E       F      G
               +--------+--------+--------+--------+--------+-----+--------+
         Total |   2482 |   2376 |    106 |      0 |   1972 |   4 |  620.5 |
       Dungeon |   2482 |   2376 |    106 |      0 |   1972 |   4 |  620.5 |
               +--------+--------+--------+--------+--------+-----+--------+

Top non-repeatable levels by time:
     D:3: 1081 daAuts
     D:1: 841 daAuts
     D:2: 550 daAuts
     D:4: 9 daAuts
